AoeStats
← 海峡

Four Lakes

509625906Analyzed
1v1 RM · 6d ago on Sep 27, 2026· 43m 35s· 2 players
Game mode
Random Map
Map size
Tiny (2 player)
Population
200
Speed
Normal
Resources
Standard
Victory
Conquest
Starting age
Dark Age
Ending age
Imperial Age
RankedLock teamsTeams togetherTeam positionsShared explorationLock speedFull tech treeHidden civsTurbo modeCheats
Victory
Defeat
🇨🇿 Mapuche · Czechia
1824
+9
🇨🇳 Inca · China
1652
-9
alesh
8:28 Loom
11:18 Feudal Age
11:57 Double-Bit Axe
13:01 Town Watch
16:32 Castle Age
15:05 Gold Mining
15:30 Fishing Lines
17:28 Bow Saw
17:42 Fletching
20:40 Bodkin Arrow
24:49 Ballistics
29:36 Padded Archer Armor
34:29 Malon
40:34 Imperial Age
40:39 Elite Bolas Rider
42:26 Chemistry
海峡
2:32 Loom
11:59 Feudal Age
12:27 Champi Runner
12:56 Double-Bit Axe
16:14 Castle Age
15:09 Forging
14:49 Fishing Lines
16:33 Scale Mail Armor
16:28 Champi Warrior
18:37 Arson
18:53 Squires
19:58 Gold Mining
21:12 Chain Mail Armor
22:28 Iron Casting
24:46 Gold Shaft Mining
24:21 Bow Saw
26:01 Wheelbarrow
25:19 Gillnets
30:08 Stone Mining
36:22 Imperial Age
36:28 Fletching
36:23 Elite Champi Warrior
37:53 Plate Mail Armor
37:40 Bodkin Arrow
39:58 Blast Furnace
Connection lost

Rejoining the realm…

Still unreachable

The connection could not be restored.

Session expired

The server has moved on; the page needs a fresh start.